 Seeded DCSS version 0.28.0-45-g0d030f2227 (webtiles) character file.

Game seed: 14242445718300867725 (custom seed)

2221 Pinkishskies the Thaumaturge (level 9, 0/56 HPs)
             Began as a Djinni Fire Elementalist on Apr 4, 2022.
             Was an Initiate of Makhleb.
             Slain by a killer bee (3 damage)
             ... on level 6 of the Dungeon.
             The game lasted 00:20:46 (5077 turns).

Pinkishskies the Thaumaturge (DjFE)                 Turns: 5077, Time: 00:20:47

Health: 0/56       AC:  4    Str:  7    XL:     9   Next: 61%
Gold:   368        EV: 12    Int: 20    God:    Makhleb [......] SH:  0 Dex: 15

rFire   + + +      SeeInvis .   b - staff of fire
rCold   . . .      Faith    .   (no shield)
rNeg    . . .      Spirit   .   k - +0 leather armour
rPois   ∞          Reflect  .   (no helmet)
rElec   .          Harm     .   (no cloak)
rCorr   .          Rampage  .   l - +0 pair of gloves
Will    .....                   (boots unavailable)
Stlth   ++........              c - amulet of regeneration
HPRegen 0.98/turn               w - ring of wizardry
MPRegen 0.00/turn               j - ring of protection from cold

@: flying, invisible
A: sickness immunity, fire resistance 2, cold vulnerability 1, float, innate
caster, HP casting, extra vitality 1
a: Renounce Religion


You were on level 6 of the Dungeon.
You worshipped Makhleb.
Makhleb was noncommittal.
You visited 2 branches of the dungeon, and saw 7 of its levels.
You also visited: Ossuary.

You collected 368 gold pieces.

Inventory:

Hand Weapons
 z - a +4 scythe of flaming
Missiles
 u - a throwing net
Armour
 a - a +0 robe
 k - a +0 leather armour (worn)
 l - a +0 pair of gloves (worn)
 A - a +0 robe of willpower
Magical Staves
 b - a staff of fire (weapon)
Jewellery
 c - an amulet of regeneration (around neck)
 j - a ring of protection from cold (right hand)
 m - a ring of protection from fire
 w - a ring of wizardry (left hand)
Wands
 s - a wand of mindburst (6)
 y - a wand of flame (22)
Scrolls
 h - 2 scrolls of brand weapon
 i - 3 scrolls of teleportation
 t - a scroll of noise {unknown}
 x - a scroll of torment {unknown}
 B - 3 scrolls of enchant armour {unknown}
Potions
 d - a potion of degeneration {unknown}
 f - 2 potions of curing {unknown}
 n - 4 potions of berserk rage {unknown}
 o - 2 potions of flight {unknown}
 p - 2 potions of cancellation {unknown}
 q - 3 potions of might {unknown}
 r - a potion of lignification {unknown}
 v - a potion of mutation {unknown}


   Skills:
 + Level 0.9 Fighting
 + Level 3.1 Armour
 + Level 2.6 Dodging
 + Level 2.8 Stealth
 + Level 9.0 Spellcasting


You had 4 spell levels left.
You knew the following spells:

 Your Spells              Type           Power      Damage    Failure   Level
a - Foxfire               Conj/Fire      100%       2x1d9     1%          1
b - Scorch                Fire           100%       2d10      1%          2
c - Conjure Flame         Conj/Fire      61%        6-21      1%          3
d - Inner Flame           Hex/Fire       61%        N/A       1%          3
e - Flame Wave            Conj/Fire      61%        2d12      1%          4
f - Shock                 Conj/Air       100%       1d9       1%          1
g - Searing Ray           Conj           90%        2d7       1%          2
h - Spider Form           Tmut/Pois      45%        N/A       1%          3
i - Summon Guardian Gole  Hex/Summ       45%        N/A       1%          3
Your spell library was empty.

Dungeon Overview and Level Annotations

Branches:
Dungeon (6/15)             Temple (1/1) D:5         Ossuary (visited)

Altars:
Ashenzari
Cheibriados
Dithmenos
Elyvilon
Fedhas
Gozag
Hepliaklqana
Kikubaaqudgha
Makhleb
Nemelex Xobeh
Okawaru
Qazlal
Ru
Trog
Uskayaw
Vehumet
Wu Jian
Xom
Yredelemnul
Zin

Shops:
D:2 :

Annotations:
D:3 3 runed translucent doors, issech's ghost, amateur TrMo


Innate Abilities, Weirdness & Mutations

You are immune to sickness and miasma.
You are immune to poison.
Your flesh is very heat resistant. (rF++)
You are vulnerable to cold. (rC-)
You float through the air rather than walking.
You learn spells naturally, not from books.
Your magical power is your life essence.
You have superior vitality. (+4 MHP)


Message History

The killer bee stings you!
* * * LOW HITPOINT WARNING * * *
The killer bee stings you.
* * * LOW HITPOINT WARNING * * *
You feel much better. The killer bee stings you. x3
The killer bee closely misses you.
Casting: Foxfire (safe; 1% risk of failure)
Confirm with . or Enter, or press ? or * to list all spells.
Aiming: Searing Ray (safe; 1% risk of failure)
Press: ? - help, Shift-Dir - straight line, f - killer bee
Aim: a killer bee (inner flame, 63% to hit)
The searing ray misses the killer bee. (Press . to maintain the ray.)
The killer bee barely misses you. The killer bee closely misses you.
The killer bee stings you.
The killer bee stings you but does no damage. x2
The killer bee closely misses you. The killer bee stings you.
The searing ray misses the killer bee.
The searing ray hits the killer bee.
The killer bee is moderately wounded.
The killer bee stings you. x3; The killer bee barely misses you. x3
The killer bee misses you. The killer bee stings you!
* * * LOW HITPOINT WARNING * * *
Unknown command.
The searing ray misses the killer bee.
The searing ray hits the killer bee!
The killer bee is severely wounded.
* * * LOW HITPOINT WARNING * * *
The killer bee misses you. The killer bee stings you.
* * * LOW HITPOINT WARNING * * *
The killer bee barely misses you. The killer bee closely misses you.
The killer bee stings you.
* * * LOW HITPOINT WARNING * * *
The killer bee stings you.
* * * LOW HITPOINT WARNING * * *
The killer bee stings you.
* * * LOW HITPOINT WARNING * * *
The killer bee stings you but does no damage.
You fade into invisibility!
The killer bee barely misses you. x5; The killer bee closely misses you.
The killer bee stings you.
You die...

#...........#...##........^..
#........#..#...#..######...#
#........#..........<........
##....#..#.........####......
##...#...........## #.####.
###.#....###...## ........
#......###...# ........
##......#....##..........
#..#.#y@y......#........
##..#.##yy...####........
#...#.#.y....## #........
#..##..9.[......#........
####.......(................
..........#.................)
.........$=..................
...........>.........######...
...........#..................


You could see 5 killer bees and a friendly guardian golem (summoned).

Vanquished Creatures
  Sigmund (D:6)
  A steam dragon (D:6)
  Menkaure (D:6)
  3 black bears
  An ice beast (D:6)
  A sky beast (D:6)
  2 phantoms
  An elf zombie (Ossuary)
  A scorpion (D:3)
  A wyvern skeleton (D:5)
  A water moccasin zombie (D:5)
  A killer bee (D:6)
  5 electric eels (D:6)
  2 centaur zombies (Ossuary)
  2 hounds (D:5)
  A gnoll shaman (D:4)
  An orc priest (D:6)
  A bullfrog skeleton (D:5)
  A human zombie (Ossuary)
  A jelly (D:6)
  A centaur skeleton (D:6)
  4 iguanas
  2 orc wizards
  A hound skeleton (D:3)
  2 mummies (Ossuary)
  7 gnolls (D:4)
  A howler monkey skeleton (D:5)
  7 adders
  An ufetubus (D:4)
  2 adder zombies (Ossuary)
  3 worms
  A dart slug (D:3)
  9 orcs
  3 endoplasms
  2 giant cockroaches (D:2)
  5 goblins
  4 hobgoblins
  9 jackals
  2 quokkas
  8 ball pythons
  4 bats
  2 frilled lizards
  2 goblin zombies (Ossuary)
  14 hobgoblin zombies (Ossuary)
  A jackal zombie (Ossuary)
  4 kobolds
  3 kobold zombies (Ossuary)
  10 orc zombies (Ossuary)
  6 rats
  3 rat zombies
152 creatures vanquished.

Vanquished Creatures (collateral kills)
  A foxfire (D:4)
1 creature vanquished.

Vanquished Creatures (others)
  462 foxfires
  2 fungi (D:3)
  5 plants
469 creatures vanquished.

Grand Total: 622 creatures vanquished

Notes
Turn   | Place    | Note
-------+----------+-------------------------------------------
     0 | D:1      | Pinkishskies the Djinni Fire Elementalist began the quest
                  | for the Orb.
     0 | D:1      | Reached XP level 1. HP: 15/15 MP: 0/0
   281 | D:1      | Reached XP level 2. HP: 14/21 MP: 0/0
   402 | D:1      | Found a faded altar of an unknown god.
  1042 | D:2      | Found Noguyluw's Book Emporium.
  1077 | D:2      | Reached skill level 3 in Spellcasting
  1079 | D:2      | Reached XP level 3. HP: 24/25 MP: 0/0
  1079 | D:2      | Learned a level 1 spell: Shock
  2170 | D:3      | Reached XP level 4. HP: 28/31 MP: 0/0
  2185 | D:3      | Noticed a scorpion
  2420 | D:3      | Found a bloodstained altar of Trog.
  2488 | D:3      | Found a runed translucent gate.
  2488 | D:3      | Found a runed translucent gate.
  2488 | D:3      | Noticed issech's ghost (amateur TrMo)
  2489 | D:3      | Found a runed translucent gate.
  2490 | D:3      | Noticed a kobold brigand
  2640 | D:3      | Found a sparkling altar of Nemelex Xobeh.
  2724 | D:3      | Found a blossoming altar of Fedhas.
  2724 | D:3      | Found a shimmering altar of Xom.
  2761 | D:3      | Reached skill level 4 in Spellcasting
  2761 | D:3      | Reached XP level 5. HP: 35/35 MP: 0/0
  2761 | D:3      | Learned a level 2 spell: Searing Ray
  3160 | D:4      | Noticed a black bear
  3161 | D:4      | Noticed a phantom
  3171 | D:4      | Killed a black bear
  3172 | D:4      | Reached XP level 6. HP: 37/40 MP: 0/0
  3178 | D:4      | Reached skill level 5 in Spellcasting
  3250 | D:4      | Found a sand-covered staircase.
  3260 | Ossuary  | Entered an ossuary
  3357 | Ossuary  | Reached XP level 7. HP: 45/45 MP: 0/0
  3357 | Ossuary  | Learned a level 3 spell: Spider Form
  3383 | Ossuary  | Reached skill level 1 in Armour
  3584 | D:4      | Reached skill level 6 in Spellcasting
  3900 | D:5      | Entered Level 5 of the Dungeon
  3964 | D:5      | Reached XP level 8. HP: 50/50 MP: 0/0
  4061 | D:5      | Reached skill level 7 in Spellcasting
  4125 | D:5      | Found a staircase to the Ecumenical Temple.
  4352 | Temple   | Entered the Ecumenical Temple
  4543 | Temple   | Became a worshipper of Makhleb the Destroyer
  4617 | D:6      | Noticed Menkaure
  4622 | D:6      | Killed Menkaure
  4645 | D:6      | Reached XP level 9. HP: 52/55 MP: 0/0
  4645 | D:6      | Learned a level 3 spell: Summon Guardian Golem
  4651 | D:6      | Noticed Sigmund
  4656 | D:6      | Killed Sigmund
  4657 | D:6      | Reached skill level 8 in Spellcasting
  5035 | D:6      | Reached skill level 9 in Spellcasting
  5076 | D:6      | HP: 2/56 [killer bee (1)]
  5077 | D:6      | Slain by a killer bee

Illustrated notes

Levels and vault maps discovered:
D:1:      mrwooster_arrival_arrow, layout_rooms,
          hellmonk_ecumenical_altar_arch_garden
D:2:      layout_basic, serial_shops, shop
D:3:      layout_loops_ring, nemelex_spade_bored_becter, amcnicky_altar_gilded,
          jmf_multi_god_temple, gammafunk_ghost_nasty_kobolds
D:4:      layout_rooms, enter_ossuary_4, serial_bayou_crossing
D:5:      layout_rooms, minmay_temple_entry_gardened_gates
D:6:      layout_rooms, minmay_misc_feat_columns, kennysheep_boxes,
          uniq_menkaure, uniq_sigmund
Temple:   regret_index_temple_sphere_string

Skill      XL: |  1  2  3  4  5  6  7  8  9 |
---------------+----------------------------+-----
Spellcasting   | 3 4 5 6 7 9 |  9.0
Stealth        | 2 |  2.8
Armour         | 1 2 3 |  3.1
Fighting       | |  0.9
Dodging        | |  2.6

Action                   |  1- 3 |  4- 6 |  7- 9 || total
-------------------------+-------+-------+-------++-------
 Cast: Foxfire           |    70 |    73 |   150 ||   293
       Scorch            |     5 |    11 |    26 ||    42
       Shock             |       |     9 |     3 ||    12
       Searing Ray       |       |     4 |     4 ||     8
       Conjure Flame     |       |     1 |     1 ||     2
       Inner Flame       |       |     6 |    13 ||    19
       Summon Guardian G |       |       |     6 ||     6
  Use: Scroll            |       |     5 |       ||     5
       Potion            |       |       |     2 ||     2
Armor: Robe              |     1 |     1 |       ||     2
       Leather armour    |       |     1 |    12 ||    13
Dodge: Dodged            |     3 |     7 |    38 ||    48
